 Dungeon Crawl Stone Soup version 0.31.0-11-ge490571c62 (webtiles) character file.

Game seed: 10045874661766689784

1796 qw the Skirmisher (level 8, -8/40 HPs)
             Began as a Spriggan Hunter on Feb 4, 2024.
             Mangled by a skeletal warrior
             ... wielding a +0 scimitar
              (32 damage)
             ... on level 6 of the Dungeon.
             The game lasted 00:00:22 (4515 turns).

qw the Skirmisher (Spriggan Hunter)                 Turns: 4515, Time: 00:00:23

Health: -8/40      AC:  5    Str:  7    XL:     8   Next: 83%
Magic:  9/9        EV: 24    Int: 10    God:
Gold:   209        SH:  0    Dex: 21    Spells: 7/7 levels left

rFire   + . .        a - +0 shortbow (drain)
rCold   . . .        (shield currently unavailable)
rNeg    . . .        c - +0 robe
rPois   .            (helmet restricted)
rElec   .            j - scarf {repulsion}
rCorr   .            (gloves unavailable)
SInv    +            (boots unavailable)
Will    +....        n - amulet of regeneration
Stlth   ++           e - ring of protection from fire
HPRegen 1.06/turn    (no ring)
MPRegen 0.11/turn

%: repel missiles
@: very quick
A: very small, no large weapons, unfitting armour, see invisible, speed 3,
iridescent scales 1, shaggy fur 1
a: no special abilities


You were on level 6 of the Dungeon.
You visited 2 branches of the dungeon, and saw 7 of its levels.

You collected 209 gold pieces.


Innate Abilities, Weirdness & Mutations

You are very small and have problems with some larger weapons.
You are too small for most types of armour.
You have supernaturally acute eyesight. (SInv)
You cover ground extremely quickly. (Speed+++)
You are partially covered in iridescent scales. (AC +2)
You are covered in fur. (AC +1)


   Skills:
 - Level 3.0 Fighting
 + Level 9.8 Ranged Weapons
 - Level 9.0 Dodging
 - Level 1.5 Stealth


You had 7 spell levels left.
You didn't know any spells.
Your spell library was empty.

Inventory:

Hand Weapons
 a - a +0 shortbow of draining (weapon)
Armour
 c - a +0 robe (worn)
 j - a scarf of repulsion (worn)
Jewellery
 e - a ring of protection from fire (left hand)
 n - an amulet of regeneration (around neck)
Wands
 b - a wand of roots (25)
 f - a wand of mindburst (8)
Potions
 d - a potion of mutation
 g - a potion of haste {unknown}
 h - a potion of cancellation
 i - 7 potions of curing
 k - 2 potions of might

Dungeon Overview and Level Annotations

Branches:
Dungeon (6/15)             Temple (1/1) D:4

Altars:
Elyvilon
Fedhas
Hepliaklqana
Kikubaaqudgha
Qazlal
Sif Muna
Trog
Uskayaw
Vehumet
Wu Jian
Xom
Yredelemnul
Zin
The Shining One

Shops:
D:2 *   D:3 =

Annotations:
D:3 2 runed translucent doors, Crazy Yiuf; qw's ghost, amateur DEHu


Message History

Found a flail.
You see here a +0 flail.
There is a stone staircase leading up here.
There is an open door here.
There is an open door here.
There is an open door here.
There is a large open door here.
You shoot an arrow. The arrow hits the skeletal warrior.
The skeletal warrior is lightly damaged.
You shoot an arrow. The arrow hits the skeletal warrior.
The skeletal warrior is lightly damaged.
You shoot an arrow. The arrow hits the skeletal warrior.
The skeletal warrior is lightly damaged.
You shoot an arrow.
The arrow closely misses the skeletal warrior.
You shoot an arrow.
The arrow hits the skeletal warrior but does no damage.
The skeletal warrior is lightly damaged.
You shoot an arrow.
The arrow barely misses the skeletal warrior.
You shoot an arrow.
The arrow completely misses the skeletal warrior.
You shoot an arrow. The arrow hits the skeletal warrior!
The skeletal warrior is moderately damaged.
The skeletal warrior completely misses you.
You shoot an arrow. The arrow hits the skeletal warrior!
The skeletal warrior is heavily damaged.
An orc comes into view. It is wielding a +0 dagger.
The skeletal warrior hits you with a +0 scimitar!
You shoot an arrow.
The arrow closely misses the skeletal warrior.
The orc shouts!
You hear a shout!
The skeletal warrior hits you with a +0 scimitar!
You shoot an arrow.
The arrow hits the skeletal warrior but does no damage.
The skeletal warrior is heavily damaged.
The skeletal warrior hits you with a +0 scimitar!!
Ouch! That really hurt!
You die...

##.......## ##.#.#
#.........####....########
...........'...............
##..........####....###.####
#.#.......## #..#..##.#
#.##.....## #.###.##.#
##.....### #........#
#...+##...# #####.####
#...####@'#######.#
#..##...z....##...# ..
##..........##### .
#............#
#....!.........
#............o..
#................
#................
#.......7..7....


You could see a skeletal warrior and an orc.

Vanquished Creatures
  Grinder (D:3)
  Sigmund (D:3)
  A wyvern (D:6)
  A water moccasin (D:6)
  3 sky beasts
  A black bear (D:5)
  A phantom (D:4)
  A bullfrog (D:4)
  A scorpion (D:5)
  2 bombardier beetles
  A jelly (D:3)
  2 hounds (D:5)
  An orc priest (D:4)
  3 iguanas
  A sleepcap (D:4)
  Ijyb (D:5)
  Jessica (D:3)
  2 orc wizards (D:4)
  Robin (D:3)
  4 gnolls (D:5)
  5 adders
  2 white imps
  4 ufetubi (D:6)
  2 ribbon worms
  A dart slug (D:1)
  8 orcs
  5 bats
  9 endoplasms
  3 giant cockroaches
  14 goblins
  12 hobgoblins
  A jackal (D:3)
  9 kobolds
  6 quokkas
  15 ball pythons
  2 frilled lizards (D:1)
  5 rats
133 creatures vanquished.

Notes
Turn   | Place    | Note
-------+----------+-------------------------------------------
     0 | D:1      | qw the Spriggan Hunter began the quest for the Orb.
     0 | D:1      | Reached XP level 1. HP: 10/10 MP: 2/2
     0 | D:1      | 0 ||| qw: Version: 0.3-a-160-g6735b56
     0 | D:1      | 0 ||| qw: Game counter: 4490
     0 | D:1      | 0 ||| qw: Melee chars always use a shield: true
     0 | D:1      | 0 ||| qw: God list: Okawaru
     0 | D:1      | 0 ||| qw: Allow faded altars: false
     0 | D:1      | 0 ||| qw: Do Orc after clearing Dungeon:15 true
     0 | D:1      | 0 ||| qw: Do second Lair branch before Depths: true
     0 | D:1      | 0 ||| qw: Lair rune preference: random
     0 | D:1      | 0 ||| qw: Goals: Normal
     0 | D:1      | 0 ||| PLANNING D:1-11
    13 | D:1      | Reached skill level 3 in Dodging
   100 | D:1      | Reached XP level 2. HP: 14/14 MP: 3/3
   675 | D:1      | Reached XP level 3. HP: 18/18 MP: 4/4
   773 | D:1      | 773 ||| UPGRADING to scarf of repulsion.
   778 | D:1      | 778 ||| UPGRADING to amulet of regeneration.
   783 | D:1      | 783 ||| DROPPING +6 ring of intelligence.
   784 | D:1      | 784 ||| READING scroll labelled CETAMETICE.
   785 | D:1      | 785 ||| READING 2 scrolls labelled KIBYURCHE BOSMIOF.
   785 | D:1      | 785 ||| IDENTIFYING fizzy orange potion
   786 | D:1      | 786 ||| READING scroll of identify.
   786 | D:1      | 786 ||| IDENTIFYING inky potion
   787 | D:1      | 787 ||| READING scroll labelled YREHUF PONAMU.
   788 | D:1      | 788 ||| DROPPING scroll of butterflies.
   789 | D:1      | 789 ||| DROPPING potion of brilliance.
   815 | D:2      | 815 ||| STAIRDANCE
   873 | D:2      | Found Heisib's Assorted Antiques.
   882 | D:2      | 882 ||| SHOPLISTING 2 scrolls labelled YDITAF ACIXO (60
                  | gold, have 15).
   882 | D:2      | 882 ||| SHOPLISTING cloak (135 gold, have 15).
  1184 | D:2      | 1184 ||| READING scroll of identify.
  1184 | D:2      | 1184 ||| IDENTIFYING smoky inky potion
  1185 | D:2      | 1185 ||| READING scroll labelled GODINEJ DAYR.
  1186 | D:2      | 1186 ||| DRINKING 2 murky golden potions.
  1210 | D:3      | Noticed Sigmund
  1213 | D:3      | 1213 ||| RETREEEEATING.
  1214 | D:3      | 1214 ||| RETREEEEATING.
  1216 | D:3      | 1216 ||| RETREEEEATING.
  1222 | D:3      | Killed Sigmund
  1223 | D:3      | Reached skill level 6 in Dodging
  1223 | D:3      | Reached XP level 4. HP: 22/22 MP: 5/5
  1223 | D:3      | Reached XP level 5. HP: 25/25 MP: 6/6
  1291 | D:3      | Noticed Jessica
  1309 | D:3      | Killed Jessica
  1310 | D:3      | Reached XP level 6. HP: 30/30 MP: 7/7
  1322 | D:3      | Noticed Robin
  1345 | D:3      | Killed Robin
  1406 | D:3      | Found a runed translucent door.
  1406 | D:3      | Noticed qw's ghost (amateur DEHu)
  1406 | D:3      | Noticed a steam dragon
  1701 | D:3      | Noticed Grinder
  1713 | D:3      | 1713 ||| FLEEEEING.
  1714 | D:3      | 1714 ||| FLEEEEING.
  1715 | D:3      | 1715 ||| FLEEEEING.
  1716 | D:3      | 1716 ||| FLEEEEING.
  1726 | D:3      | Killed Grinder
  1727 | D:3      | Reached skill level 6 in Ranged Weapons
  1727 | D:3      | Reached XP level 7. HP: 35/35 MP: 8/8
  1746 | D:3      | Found Veman's Jewellery Boutique.
  1749 | D:3      | 1749 ||| SHOPLISTING ring of Micwykhlis {^Drain rC++ rCorr
                  | MP+9 Dex+4} (529 gold, have 135).
  1749 | D:3      | 1749 ||| SHOPLISTING ring of fire (250 gold, have 135).
  1749 | D:3      | 1749 ||| SHOPLISTING ring of protection from cold (250
                  | gold, have 135).
  1749 | D:3      | 1749 ||| SHOPLISTING ring of protection from fire (250
                  | gold, have 135).
  1959 | D:3      | Found a runed translucent door.
  1960 | D:3      | Noticed Crazy Yiuf
  1976 | D:3      | Found a faded altar of an unknown god.
  2089 | D:3      | 2089 ||| READING scroll labelled BICLEUTW CICAO.
  2089 | D:3      | 2089 ||| ENCHANTING +0 shortbow.
  2090 | D:3      | 2090 ||| READING scroll labelled INKAMEMIRE.
  2333 | D:4      | Found a staircase to the Ecumenical Temple.
  2334 | D:4      | 2334 ||| PLANNING TEMPLE
  2334 | D:4      | 2334 ||| READING scroll labelled KOGUIZX UCWIOM.
  2339 | D:4      | 2339 ||| READING scroll labelled ALEAXIX TIOJYN.
  2339 | D:4      | 2339 ||| BRANDING +0 shortbow.
  2376 | Temple   | Entered the Ecumenical Temple
  2377 | Temple   | 2377 ||| PLANNING D:1-11
  2813 | D:4      | Found a basalt altar of Yredelemnul.
  2908 | D:4      | 2908 ||| DRINKING 2 metallic blue potions.
  2908 | D:4      | Gained mutation: You are partially covered in iridescent
                  | scales. (AC +2) [potion of mutation]
  2908 | D:4      | Gained mutation: You are covered in fur. (AC +1) [potion of
                  | mutation]
  2909 | D:4      | 2909 ||| DRINKING 2 bubbling ruby potions.
  2910 | D:4      | 2910 ||| DROPPING potion of invisibility.
  2945 | D:5      | Entered Level 5 of the Dungeon
  2957 | D:5      | Noticed Ijyb
  2970 | D:5      | Killed Ijyb
  3000 | D:5      | Reached XP level 8. HP: 39/39 MP: 9/9
  3239 | D:5      | Reached skill level 3 in Fighting
  3580 | D:5      | 3580 ||| UPGRADING to ring of protection from fire.
  3581 | D:5      | 3581 ||| READING scroll of identify.
  3581 | D:5      | 3581 ||| IDENTIFYING glowing pink potion
  3582 | D:5      | 3582 ||| READING scroll labelled WASERI YTEQ.
  3583 | D:5      | 3583 ||| READING scroll labelled GIURHA BEUFUXZI.
  3584 | D:5      | 3584 ||| DRINKING 3 coppery potions.
  3585 | D:5      | 3585 ||| DRINKING 2 amethyst potions.
  3586 | D:5      | 3586 ||| DROPPING 2 potions of degeneration.
  3587 | D:5      | 3587 ||| DROPPING potion of lignification.
  3589 | D:5      | 3589 ||| Stepping ~*~*~tactically~*~*~ (cloud).
  3728 | D:6      | Reached skill level 9 in Ranged Weapons
  3817 | D:6      | Reached skill level 9 in Dodging
  4044 | D:6      | Noticed a skeletal warrior
  4050 | D:6      | 4050 ||| RETREEEEATING.
  4052 | D:6      | 4052 ||| RETREEEEATING.
  4053 | D:6      | 4053 ||| RETREEEEATING.
  4055 | D:6      | 4055 ||| RETREEEEATING.
  4057 | D:6      | 4057 ||| RETREEEEATING.
  4058 | D:6      | 4058 ||| FLEEEEING.
  4059 | D:6      | 4059 ||| RETREEEEATING.
  4060 | D:6      | 4060 ||| FLEEEEING.
  4061 | D:6      | 4061 ||| FLEEEEING.
  4062 | D:6      | 4062 ||| RETREEEEATING.
  4081 | D:6      | HP: 5/40 [skeletal warrior/+0 scimitar (20)]
  4082 | D:6      | 4082 ||| READING scroll of teleportation.
  4083 | D:6      | 4083 ||| DRINKING 2 potions of heal wounds.
  4084 | D:6      | 4084 ||| DRINKING potion of heal wounds.
  4098 | D:6      | Found a hide-covered altar of Uskayaw.
  4210 | D:6      | Found a radiant altar of Vehumet.
  4285 | D:6      | Found an ancient bone altar of Kikubaaqudgha.
  4288 | D:6      | Found a white marble altar of Elyvilon.
  4515 | D:6      | Mangled by a skeletal warrior

Levels and vault maps discovered:
D:1:      mrwooster_arrival_statue_3, layout_basic
D:2:      layout_rooms, serial_shops, nicolae_shop_trees
D:3:      wad_river_or_something, layout_basic, ebering_ghost_inner_flame,
          serial_shops, nicolae_shop_window_shopping,
          hellmonk_ecumenical_altar_run_dry, kennysheep_big_empty_room,
          uniq_grinder, uniq_sigmund, uniq_jessica, uniq_robin,
          uniq_crazy_yiuf_cottage
D:4:      layout_loops_cross, mainiacjoe_overflow_alcove_4,
          minmay_temple_entry_enclosed_plants
D:5:      layout_loops_ring, uniq_ijyb
D:6:      kennysheep_big_flooded_room, layout_loops_corners, pf_just_have_faith,
          minitemple
Temple:   hellmonk_temple_forest_ring

Skill      XL: |  1  2  3  4  5  6  7  8 |
---------------+-------------------------+-----
Dodging        | 3 4 6 8 9 |  9.0
Ranged Weapons | 5 6 8 9 |  9.8
Fighting       | 2 3 |  3.0
Stealth        | |  1.5

Action                     |  1- 3 |  4- 6 |  7- 9 || total
---------------------------+-------+-------+-------++-------
   Fire: Shortbow          |   113 |   102 |   279 ||   494
    Use: Scroll            |     6 |       |     8 ||    14
         Potion            |     1 |       |     6 ||     7
 Armour: Robe              |     8 |    16 |    49 ||    73
  Dodge: Dodged            |    30 |    68 |   135 ||   233
         Repelled          |     1 |       |       ||     1

Table legend:
 A = Non-vault XP
 B = Vault XP
 C = Vault XP percentage of total XP
 D = Non-vault monster count
 E = Vault monster count
 F = Vault count percentage of total count
                 A         B        C        D         E       F
            +---------+---------+-------+---------+---------+-------
      Total |    1932 |     635 |  24.7 |     108 |      25 |  18.8
            +---------+---------+-------+---------+---------+-------
        D:1 |      53 |       0 |   0.0 |      28 |       0 |   0.0
        D:2 |      40 |       0 |   0.0 |      17 |       0 |   0.0
        D:3 |      59 |     597 |  91.0 |       9 |      24 |  72.7
        D:4 |     636 |       0 |   0.0 |      30 |       0 |   0.0
        D:5 |     406 |      38 |   8.6 |      11 |       1 |   8.3
        D:6 |     738 |       0 |   0.0 |      13 |       0 |   0.0
            +---------+---------+-------+---------+---------+-------
